 Dungeon Crawl Stone Soup version 0.29-a0-303-ge4682ce883 (webtiles) character file.

Game seed: 12858769329125746925

61349 sanka the Cleaver (level 15, -1/120 HPs)
             Began as a Gnoll Cinder Acolyte on Mar 25, 2022.
             Was a Believer of Ignis.
             Slain by an orc warlord
             ... wielding a +3 great sword
              (4 damage)
             ... on level 2 of the Orcish Mines.
             The game lasted 01:13:04 (31925 turns).

sanka the Cleaver (Gnoll Cinder Acolyte)           Turns: 31925, Time: 01:13:05

Health: -1/120     AC: 17    Str: 13    XL:     15   Next: 2%
Magic:  9/29       EV: 18    Int: 16    God:    Ignis [**....]
Gold:   1208       SH:  0    Dex: 19    Spells: 1/34 levels left

rFire   + . .      SeeInvis .   a - +0 broad axe
rCold   . . .      Faith    .   (no shield)
rNeg    . . .      Spirit   .   i - +3 leather armour
rPois   +          Reflect  .   x - +1 helmet of Roemac {rPois Will+ rCorr Stlth+}
rElec   .          Harm     .   T - +1 cloak {rPois}
rCorr   +          Rampage  .   f - +2 pair of gloves
Will    ++...                   E - +0 pair of boots
Stlth   +++++.....              v - amulet of regeneration
HPRegen 1.10/turn               k - ring of wizardry
MPRegen 0.21/turn               y - +6 ring of dexterity

@: no status effects
A: fangs 1, strong nose, distributed training
a: Renounce Religion, Fiery Armour, Foxfire Swarm, Rising Flame


You were on level 2 of the Orcish Mines.
You worshipped Ignis.
Ignis was pleased with you.
You visited 4 branches of the dungeon, and saw 20 of its levels.
You also visited: Bailey.

You collected 1567 gold pieces.
You spent 359 gold pieces at shops.


Innate Abilities, Weirdness & Mutations

You have very sharp teeth.
Your uncanny sense of smell can sniff out nearby items.
Your experience applies equally to all skills.


   Skills:
 + Level 11.7 Fighting
 + Level 9.7 Short Blades
 + Level 9.7 Long Blades
 + Level 11.7 Axes
 + Level 9.7 Maces & Flails
 + Level 9.7 Polearms
 + Level 9.7 Staves
 + Level 9.7 Slings
 + Level 9.7 Bows
 + Level 9.7 Crossbows
 + Level 9.7 Throwing
 + Level 9.7 Armour
 + Level 9.7 Dodging
 + Level 9.7 Stealth
 + Level 9.7 Shields
 + Level 9.7 Unarmed Combat
 + Level 10.1 Spellcasting
 + Level 8.1 Conjurations
 + Level 8.1 Hexes
 + Level 8.1 Summonings
 + Level 8.1 Necromancy
 + Level 8.1 Translocations
 + Level 8.1 Transmutations
 + Level 9.9 Fire Magic
 + Level 8.1 Ice Magic
 + Level 8.1 Air Magic
 + Level 8.1 Earth Magic
 + Level 8.1 Poison Magic
 + Level 10.6 Invocations
 + Level 9.7 Evocations


You had one spell level left.
You knew the following spells:

 Your Spells              Type           Power      Damage    Failure   Level
i - Manifold Assault      Tloc           34%        N/A       4%          5
o - Storm Form            Tmut/Air       17%        N/A       75%         7
q - Dispel Undead         Necr           34%        3d15      1%          4
s - Swiftness             Air            34%        N/A       1%          3
u - Poisonous Vapours     Pois/Air       68%        N/A       1%          2
y - Scorch                Fire           78%        2d8       1%          2
z - Sticky Flame          Conj/Fire      37%        2d6       1%          4
N - Passwall              Tmut/Erth      28%        N/A       1%          2
X - Olgreb's Toxic Radia  Pois           34%        N/A       1%          4

Your spell library contained the following spells:

 Spells                   Type           Power      Damage    Failure   Level
 Sting                    Tmut/Pois      100%       1d8       1%          1
 Blink                    Tloc           68%        N/A       1%          2
 Corpse Rot               Necr/Air       68%        N/A       1%          2
 Ensorcelled Hibernation  Hex/Ice        68%        N/A       1%          2
 Static Discharge         Conj/Air       34%        N/A       1%          2
 Gell's Gravitas          Tloc           34%        N/A       1%          3
 Lesser Beckoning         Tloc           34%        N/A       1%          3
 Spider Form              Tmut/Pois      34%        N/A       1%          3
 Teleport Other           Tloc           34%        N/A       1%          3
 Anguish                  Hex/Necr       17%        N/A       1%          4
 Death Channel            Necr           17%        N/A       22%         6
 Dispersal                Tloc           17%        N/A       22%         6

Inventory:

Hand Weapons
 a - a +0 broad axe (weapon)
 K - a +1 short sword of distortion
 M - a -1 hand axe of flaming
 W - a +1 demon whip of venom
Missiles
 C - 4 throwing nets {=f}
 J - 8 curare-tipped darts {=f}
 S - 12 javelins
Armour
 f - a +2 pair of gloves (worn)
 i - a +3 leather armour (worn)
 o - a +4 chain mail of fire resistance
 x - the +1 helmet of Roemac (worn) {rPois Will+ rCorr Stlth+} rPois: It protects you from poison. rCorr: It protects you from acid and corrosion. Will: It increases your willpower. Stlth: It makes you more stealthy.
 A - a scarf of resistance
 E - a +0 pair of boots (worn)
 T - a +1 cloak of poison resistance (worn)
Magical Staves
 b - a staff of fire
Jewellery
 k - a ring of wizardry (left hand)
 v - an amulet of regeneration (around neck)
 y - a +6 ring of dexterity (right hand)
 H - an amulet of the acrobat
 Q - a ring of flight
 X - a ring of protection from fire
Wands
 c - a wand of acid (11)
 w - a wand of iceblast (9)
 B - a wand of mindburst (24)
 D - a wand of paralysis (16)
 I - a wand of polymorph (22)
 Y - a wand of charming (4)
Scrolls
 d - 9 scrolls of teleportation {@r4}
 e - 2 scrolls of enchant weapon {unknown}
 h - 3 scrolls of immolation {!r}
 j - 5 scrolls of enchant armour
 l - 5 scrolls of magic mapping
 m - a scroll of silence {!r}
 s - 3 scrolls of fog
 u - 8 scrolls of blinking
 z - 5 scrolls of fear
 F - 2 scrolls of vulnerability {!r}
 G - a scroll of summoning
 N - a scroll of acquirement {unknown}
Potions
 g - 2 potions of might {unknown}
 n - a potion of invisibility {unknown}
 p - 4 potions of heal wounds {@q2}
 q - 8 potions of curing {@q1}
 r - 5 potions of lignification {!q}
 t - 3 potions of berserk rage {unknown}
 L - 3 potions of brilliance {unknown}
 O - 3 potions of haste {unknown}
 P - a potion of magic {unknown}
 U - 3 potions of flight
 V - a potion of cancellation {unknown}
 Z - 2 potions of ambrosia {unknown}
Miscellaneous
 R - a tin of tremorstones (2/2)

Dungeon Overview and Level Annotations

Branches:
Dungeon (11/15)            Temple (1/1) D:5            Lair (6/6) D:9
  Swamp (0/4) Lair:4        Snake (0/4) Lair:4        Slime (0/5) Lair:5
    Orc (2/2) D:9          Bailey (visited)
    Elf: Orc:2

Altars:
Ashenzari
Cheibriados
Dithmenos
Elyvilon
Fedhas
Gozag
Hepliaklqana
Kikubaaqudgha
Makhleb
Nemelex Xobeh
Okawaru
Qazlal
Ru
Sif Muna
Trog
Uskayaw
Vehumet
Wu Jian
Xom
Yredelemnul
Zin
The Shining One
Lugonu

Shops:
D:3 !   D:8 [

Portals:
Abyss: Lair:6

Annotations:
D:4 2 transporters, Namnaref's ghost, amateur GrHu

▒...▒. .▒. . ▒▒..▒▒.
.. ∆ . ▒...▒..
▒.▒▒▒▒▒. ▒......
∆▒...... ▒▒▒......
▒.o...▒ ▒8.).....
▒..⌠..▒∆
▒..'...)....
▒▒▒▒...o†▒
+.▒▒8.......
......og.▒ ▒
▒▒▒......
▒▒▒▒.▒▒▒▒▒.▒▒▒▒.▒
▒......
+....▒...▒......+
▒...... ∆
▒....▒).)▒.▒▒▒▒▒▒∆
▒......
▒▒▒▒....▒▒'▒▒.▒ ▒▒▒
▒▒......
▒.....).......▒▒▒.▒
▒.....▒.
▒.▒▒▒▒▒'▒▒▒.▒▒▒..▒▒▒
▒......▒
▒...▒▒.▒▒.....▒
▒▒.....▒
▒...▒▒.▒▒▒....▒▒
▒▒.....


You could see an orc warlord (poisoned, combustible), an orc warrior (strong,
combustible) and an orc.


Message History

* * * LOW HITPOINT WARNING * * *
The orc warrior misses you. The warg barely misses you.
Unknown command.
Flames lash the warg.
The warg is burned terribly!
The warg is severely wounded.
The warg misses you.
The orc warlord hits you with a +3 great sword!
* * * LOW HITPOINT WARNING * * *
The orc warrior hits you with a +0 battleaxe!!
* * * LOW HITPOINT WARNING * * *
Flames lash the warg.
The warg is burned terribly!
You kill the warg!
The orc warlord hits you with a +3 great sword!!
* * * LOW HITPOINT WARNING * * *
The orc warrior misses you.
Unknown command.
Flames lash the orc warrior.
The orc warrior is lightly wounded.
The orc warrior's fire resistance burns away.
The orc warlord barely misses you.
The orc warrior hits you with a +0 battleaxe.
* * * LOW HITPOINT WARNING * * *
Flames lash the orc warrior.
The orc warrior is burned terribly!
The orc warrior is almost dead.
The orc warlord hits you with a +3 great sword.
You die...

Action                   |  1- 3 |  4- 6 |  7- 9 | 10-12 | 13-15 || total
-------------------------+-------+-------+-------+-------+-------++-------
Melee: Hand axe          |    60 |    59 |       |       |    18 ||   137
       Punch             |     3 |     1 |       |    10 |    34 ||    48
       Bite              |     6 |     8 |    16 |    30 |    66 ||   126
       War axe           |       |    19 |    30 |   184 |       ||   233
       Dire flail        |       |       |    83 |    69 |       ||   152
       Broad axe         |       |       |       |       |   417 ||   417
       Staff             |       |       |       |       |    36 ||    36
Throw: Dart              |       |     4 |       |    11 |       ||    15
 Cast: Scorch            |     2 |    55 |   146 |   351 |   261 ||   815
       Poisonous Vapours |       |       |       |    30 |    45 ||    75
       Olgreb's Toxic Ra |       |       |       |       |    34 ||    34
       Sticky Flame      |       |       |       |       |    65 ||    65
Invok: Fiery Armour      |       |     1 |       |     3 |     2 ||     6
       Foxfire Swarm     |       |     1 |       |       |       ||     1
Evoke: Wand              |       |       |     1 |    13 |     3 ||    17
  Use: Potion            |       |     2 |       |     3 |       ||     5
       Scroll            |       |       |       |     8 |     4 ||    12
 Stab: Sleeping          |     1 |       |       |     1 |     6 ||     8
       Distracted        |       |       |       |     1 |     1 ||     2
Armor: Robe              |    15 |    16 |       |       |       ||    31
       Leather armour    |       |     9 |    67 |   179 |   270 ||   525
Dodge: Dodged            |    39 |    65 |   108 |   367 |   691 ||  1270

Levels and vault maps discovered:
D:1:      enne_arrival_octagon_isle, layout_loops_ring, serial_co_window_serial,
          co_window_paths_b, co_window_paths_b, co_window_of_opportunity_a,
          co_window_corner_a, co_window_corner_a, co_window_corner_a,
          co_window_paths_a, co_window_unsneaky_path_e,
          co_window_of_opportunity_b, co_window_corner_ca,
          co_window_of_opportunity_c, co_window_cross_4, co_window_broadway_c,
          glass_columns_c, glass_columns_a, chequers_serial_rivers_small_a
D:2:      layout_loops_cross
D:3:      minmay_wonky_spiral, layout_basic, serial_shops, nicolae_shop_crystal
D:4:      layout_basic, tso_oasis_becter, gammafunk_ghost_arena,
          minmay_crystal_room
D:5:      layout_basic, mainiacjoe_overflow_large_starburst,
          gammafunk_temple_overflow_claw, minmay_temple_entry_offerings,
          uniq_duvessa, uniq_blork_the_orc, uniq_edmund, uniq_ijyb
D:6:      lemuel_castle_with_subvaults [lemuel_castle_interior_carwin_1],
          layout_basic, mainiacjoe_overflow_small_starburst,
          hangedman_decor_push, corexii_item_surrounded_by_moat,
          minmay_shop_damaged
D:7:      lemuel_slime, layout_gridville
D:8:      layout_gridville, enter_bailey_3, minmay_misc_feat_encased,
          nicolae_stop_n_shop_2, st_stairs_2
D:9:      layout_basic, due_lair_maze_entry_diamond, orc_0_dummy,
          serial_nicolae_subway, nicolae_sub_station_stone,
          nicolae_sub_station_crystal, nicolae_sub_station_metal
D:10:     nicolae_hexawheel, layout_small_grid, dreamdust_gnoll_shepherd,
          uniq_psyche, uniq_maurice
D:11:     layout_loops_corners, serial_bayou, serial_bayou_lake_a,
          serial_bayou_shore_b, serial_bayou_pond_e, serial_bayou_lagoon_a,
          roderic_lattice_a, lemuel_flame_loot_1, uniq_harold, uniq_amaemon
Temple:   regret_index_temple_generic_petals
Lair:1:   layout_gridlike
Lair:2:   layout_hall_layers
Lair:3:   layout_regular_city, nicolae_quartered_pool_super,
          infiniplex_staircase_pool, serial_bayou_shore_a
Lair:4:   layout_gridlike, minmay_swamp_entry_eels,
          minmay_snake_entry_guardpost_small, minivault_19,
          hangedman_lair_unloving_vines, wad_woods_06
Lair:5:   layout_small_grid, minmay_slime_entry_oklob_enclosed
Lair:6:   hellmonk_lair_end_abyssal_woods, layout_gridlike
Orc:1:    layout_diamond_mine, special_room [special_room_orc], uniq_jorgrun,
          uniq_sonja
Orc:2:    pubby_orc_utopia

Notes
Turn   | Place    | Note
-------+----------+-------------------------------------------
     0 | D:1      | sanka the Gnoll Cinder Acolyte began the quest for the Orb.
     0 | D:1      | Reached XP level 1. HP: 23/23 MP: 4/4
   232 | D:1      | Reached XP level 2. HP: 29/29 MP: 5/5
   274 | D:1      | Learned a level 2 spell: Scorch
  1293 | D:2      | Reached XP level 3. HP: 22/35 MP: 7/7
  1694 | D:1      | Reached skill level 1 in Short Blades
  1694 | D:1      | Reached skill level 1 in Long Blades
  1694 | D:1      | Reached skill level 1 in Maces & Flails
  1694 | D:1      | Reached skill level 1 in Polearms
  1694 | D:1      | Reached skill level 1 in Staves
  1694 | D:1      | Reached skill level 1 in Slings
  1694 | D:1      | Reached skill level 1 in Bows
  1694 | D:1      | Reached skill level 1 in Crossbows
  1694 | D:1      | Reached skill level 1 in Throwing
  1694 | D:1      | Reached skill level 1 in Armour
  1694 | D:1      | Reached skill level 1 in Dodging
  1694 | D:1      | Reached skill level 1 in Stealth
  1694 | D:1      | Reached skill level 1 in Shields
  1694 | D:1      | Reached skill level 1 in Unarmed Combat
  1694 | D:1      | Reached skill level 1 in Invocations
  1694 | D:1      | Reached skill level 1 in Evocations
  1694 | D:1      | Reached XP level 4. HP: 22/41 MP: 1/8
  1845 | D:2      | HP: 3/41 [something/magic dart (5)]
  2146 | D:2      | Reached skill level 3 in Spellcasting
  2205 | D:2      | Noticed a scorpion
  2238 | D:2      | Reached skill level 1 in Conjurations
  2238 | D:2      | Reached skill level 1 in Hexes
  2238 | D:2      | Reached skill level 1 in Summonings
  2238 | D:2      | Reached skill level 1 in Necromancy
  2238 | D:2      | Reached skill level 1 in Translocations
  2238 | D:2      | Reached skill level 1 in Transmutations
  2238 | D:2      | Reached skill level 1 in Ice Magic
  2238 | D:2      | Reached skill level 1 in Air Magic
  2238 | D:2      | Reached skill level 1 in Earth Magic
  2238 | D:2      | Reached skill level 1 in Poison Magic
  2423 | D:2      | Killed a scorpion
  2424 | D:2      | Reached XP level 5. HP: 47/47 MP: 4/9
  2937 | D:3      | Found Wuar's Distillery.
  2971 | D:3      | Learned a level 2 spell: Passwall
  3462 | D:3      | Reached skill level 2 in Invocations
  3462 | D:3      | Reached XP level 6. HP: 50/53 MP: 1/10
  4892 | D:3      | Reached skill level 2 in Short Blades
  4892 | D:3      | Reached skill level 2 in Long Blades
  4892 | D:3      | Reached skill level 2 in Maces & Flails
  4892 | D:3      | Reached skill level 2 in Polearms
  4892 | D:3      | Reached skill level 2 in Staves
  4892 | D:3      | Reached skill level 2 in Slings
  4892 | D:3      | Reached skill level 2 in Bows
  4892 | D:3      | Reached skill level 2 in Crossbows
  4892 | D:3      | Reached skill level 2 in Throwing
  4892 | D:3      | Reached skill level 2 in Armour
  4892 | D:3      | Reached skill level 2 in Dodging
  4892 | D:3      | Reached skill level 2 in Stealth
  4892 | D:3      | Reached skill level 2 in Shields
  4892 | D:3      | Reached skill level 2 in Unarmed Combat
  4892 | D:3      | Reached skill level 2 in Evocations
  5026 | D:3      | HP: 3/53 [poisoned by an orc]
  5863 | D:3      | Bought a potion of heal wounds for 55 gold pieces
  5863 | D:3      | Bought a potion of curing for 33 gold pieces
  5863 | D:3      | Bought a potion of lignification for 33 gold pieces
  5863 | D:3      | Bought a potion of degeneration for 11 gold pieces
  5926 | D:4      | Found a glowing golden altar of the Shining One.
  5961 | D:4      | Reached XP level 7. HP: 54/59 MP: 0/12
  6129 | D:4      | Reached skill level 7 in Fighting
  6129 | D:4      | Reached skill level 7 in Axes
  6316 | D:4      | Noticed Namnaref's ghost (amateur GrHu)
  6320 | D:4      | Found a transporter.
  6338 | D:4      | Found a transporter.
  6368 | D:4      | Reached skill level 2 in Conjurations
  6368 | D:4      | Reached skill level 2 in Hexes
  6368 | D:4      | Reached skill level 2 in Summonings
  6368 | D:4      | Reached skill level 2 in Necromancy
  6368 | D:4      | Reached skill level 2 in Translocations
  6368 | D:4      | Reached skill level 2 in Transmutations
  6368 | D:4      | Reached skill level 2 in Ice Magic
  6368 | D:4      | Reached skill level 2 in Air Magic
  6368 | D:4      | Reached skill level 2 in Earth Magic
  6368 | D:4      | Reached skill level 2 in Poison Magic
  6725 | D:5      | Entered Level 5 of the Dungeon
  6855 | D:5      | Noticed Ijyb
  6859 | D:5      | Killed Ijyb
  6860 | D:5      | Reached skill level 3 in Invocations
  6899 | D:5      | Found a staircase to the Ecumenical Temple.
  6908 | D:5      | Reached skill level 4 in Spellcasting
  7062 | Temple   | Entered the Ecumenical Temple
  7323 | D:5      | Noticed Duvessa
  7323 | D:5      | Noticed Dowan
  7348 | D:5      | Killed Duvessa
  7349 | D:5      | Reached skill level 3 in Short Blades
  7349 | D:5      | Reached skill level 3 in Long Blades
  7349 | D:5      | Reached skill level 3 in Maces & Flails
  7349 | D:5      | Reached skill level 3 in Polearms
  7349 | D:5      | Reached skill level 3 in Staves
  7349 | D:5      | Reached skill level 3 in Slings
  7349 | D:5      | Reached skill level 3 in Bows
  7349 | D:5      | Reached skill level 3 in Crossbows
  7349 | D:5      | Reached skill level 3 in Throwing
  7349 | D:5      | Reached skill level 3 in Armour
  7349 | D:5      | Reached skill level 3 in Dodging
  7349 | D:5      | Reached skill level 3 in Stealth
  7349 | D:5      | Reached skill level 3 in Shields
  7349 | D:5      | Reached skill level 3 in Unarmed Combat
  7349 | D:5      | Reached skill level 6 in Fire Magic
  7349 | D:5      | Reached skill level 3 in Evocations
  7349 | D:5      | Reached XP level 8. HP: 39/67 MP: 1/14
  7454 | D:5      | Killed Dowan
  7808 | D:5      | Noticed Edmund
  7983 | D:5      | Killed Edmund
  8086 | D:5      | Found a shadowy altar of Dithmenos.
  8172 | D:5      | Identified a scarf of resistance
  8184 | D:5      | Found a white marble altar of Elyvilon.
  8294 | D:5      | Noticed Blork the orc
  8321 | D:5      | Killed Blork the orc
  8545 | D:5      | Found a sparkling altar of Nemelex Xobeh.
  8545 | D:5      | Found an ancient bone altar of Kikubaaqudgha.
  8548 | D:5      | Found a shimmering blue altar of Sif Muna.
  8929 | D:6      | Found a hide-covered altar of Uskayaw.
  9005 | D:6      | Reached skill level 3 in Conjurations
  9005 | D:6      | Reached skill level 3 in Hexes
  9005 | D:6      | Reached skill level 3 in Summonings
  9005 | D:6      | Reached skill level 3 in Necromancy
  9005 | D:6      | Reached skill level 3 in Translocations
  9005 | D:6      | Reached skill level 3 in Transmutations
  9005 | D:6      | Reached skill level 3 in Ice Magic
  9005 | D:6      | Reached skill level 3 in Air Magic
  9005 | D:6      | Reached skill level 3 in Earth Magic
  9005 | D:6      | Reached skill level 3 in Poison Magic
  9005 | D:6      | Reached skill level 4 in Invocations
  9242 | D:6      | Reached XP level 9. HP: 67/72 MP: 7/16
  9642 | D:6      | Found Misufol's Lightly-Used Armoury.
  9838 | D:6      | Reached skill level 4 in Short Blades
  9838 | D:6      | Reached skill level 4 in Long Blades
  9838 | D:6      | Reached skill level 4 in Maces & Flails
  9838 | D:6      | Reached skill level 4 in Polearms
  9838 | D:6      | Reached skill level 4 in Staves
  9838 | D:6      | Reached skill level 4 in Slings
  9838 | D:6      | Reached skill level 4 in Bows
  9838 | D:6      | Reached skill level 4 in Crossbows
  9838 | D:6      | Reached skill level 4 in Throwing
  9838 | D:6      | Reached skill level 4 in Armour
  9838 | D:6      | Reached skill level 4 in Dodging
  9838 | D:6      | Reached skill level 4 in Stealth
  9838 | D:6      | Reached skill level 4 in Shields
  9838 | D:6      | Reached skill level 4 in Unarmed Combat
  9838 | D:6      | Reached skill level 4 in Evocations
 10009 | D:6      | Reached skill level 5 in Spellcasting
 10595 | D:6      | Reached skill level 8 in Fighting
 10595 | D:6      | Reached skill level 8 in Axes
 10619 | D:6      | Reached skill level 5 in Invocations
 10904 | D:6      | Reached XP level 10. HP: 80/80 MP: 5/18
 10923 | D:6      | Noticed a two-headed ogre
 10923 | D:6      | HP: 1/80 [ogre/+0 giant club (16)]
 10924 | D:6      | Reached skill level 4 in Conjurations
 10924 | D:6      | Reached skill level 4 in Hexes
 10924 | D:6      | Reached skill level 4 in Summonings
 10924 | D:6      | Reached skill level 4 in Necromancy
 10924 | D:6      | Reached skill level 4 in Translocations
 10924 | D:6      | Reached skill level 4 in Transmutations
 10924 | D:6      | Reached skill level 4 in Ice Magic
 10924 | D:6      | Reached skill level 4 in Air Magic
 10924 | D:6      | Reached skill level 4 in Earth Magic
 10924 | D:6      | Reached skill level 4 in Poison Magic
 11106 | D:6      | Killed a two-headed ogre
 11107 | D:6      | Reached skill level 5 in Short Blades
 11107 | D:6      | Reached skill level 5 in Long Blades
 11107 | D:6      | Reached skill level 5 in Maces & Flails
 11107 | D:6      | Reached skill level 5 in Polearms
 11107 | D:6      | Reached skill level 5 in Staves
 11107 | D:6      | Reached skill level 5 in Slings
 11107 | D:6      | Reached skill level 5 in Bows
 11107 | D:6      | Reached skill level 5 in Crossbows
 11107 | D:6      | Reached skill level 5 in Throwing
 11107 | D:6      | Reached skill level 5 in Armour
 11107 | D:6      | Reached skill level 5 in Dodging
 11107 | D:6      | Reached skill level 5 in Stealth
 11107 | D:6      | Reached skill level 5 in Shields
 11107 | D:6      | Reached skill level 5 in Unarmed Combat
 11107 | D:6      | Reached skill level 7 in Fire Magic
 11107 | D:6      | Reached skill level 5 in Evocations
 11437 | D:6      | Reached skill level 6 in Spellcasting
 12131 | D:7      | Noticed an oklob plant
 12392 | D:7      | Killed an oklob plant
 12393 | D:7      | Reached skill level 6 in Invocations
 13027 | D:7      | Learned a level 2 spell: Poisonous Vapours
 13031 | D:7      | Learned a level 3 spell: Swiftness
 13036 | D:7      | Learned a level 4 spell: Sticky Flame
 13389 | D:8      | Found Damories's Antique Armour Shop.
 13446 | D:8      | Reached XP level 11. HP: 59/87 MP: 12/20
 13657 | D:8      | Found a flagged portal.
 13680 | Bailey   | Entered a bailey
 13702 | Bailey   | Reached skill level 9 in Fighting
 13702 | Bailey   | Reached skill level 6 in Short Blades
 13702 | Bailey   | Reached skill level 6 in Long Blades
 13702 | Bailey   | Reached skill level 9 in Axes
 13702 | Bailey   | Reached skill level 6 in Maces & Flails
 13702 | Bailey   | Reached skill level 6 in Polearms
 13702 | Bailey   | Reached skill level 6 in Staves
 13702 | Bailey   | Reached skill level 6 in Slings
 13702 | Bailey   | Reached skill level 6 in Bows
 13702 | Bailey   | Reached skill level 6 in Crossbows
 13702 | Bailey   | Reached skill level 6 in Throwing
 13702 | Bailey   | Reached skill level 6 in Armour
 13702 | Bailey   | Reached skill level 6 in Dodging
 13702 | Bailey   | Reached skill level 6 in Stealth
 13702 | Bailey   | Reached skill level 6 in Shields
 13702 | Bailey   | Reached skill level 6 in Unarmed Combat
 13702 | Bailey   | Reached skill level 6 in Evocations
 13713 | Bailey   | HP: 7/89 [human/+2 vorpal hand axe (7)]
 13714 | Bailey   | Reached skill level 5 in Conjurations
 13714 | Bailey   | Reached skill level 5 in Hexes
 13714 | Bailey   | Reached skill level 5 in Summonings
 13714 | Bailey   | Reached skill level 5 in Necromancy
 13714 | Bailey   | Reached skill level 5 in Translocations
 13714 | Bailey   | Reached skill level 5 in Transmutations
 13714 | Bailey   | Reached skill level 5 in Ice Magic
 13714 | Bailey   | Reached skill level 5 in Air Magic
 13714 | Bailey   | Reached skill level 5 in Earth Magic
 13714 | Bailey   | Reached skill level 5 in Poison Magic
 13926 | Bailey   | Noticed a vault guard
 13944 | Bailey   | Killed a vault guard
 14148 | Bailey   | Noticed Prince Ribbit
 14148 | Bailey   | Noticed a vault guard
 14159 | Bailey   | Killed Prince Ribbit
 14162 | Bailey   | Killed a vault guard
 14163 | Bailey   | Reached skill level 7 in Spellcasting
 14289 | D:8      | Reached skill level 7 in Invocations
 15135 | D:9      | Noticed a two-headed ogre
 15144 | D:9      | Killed a two-headed ogre
 15386 | D:9      | Found a transporter.
 15391 | D:9      | Found a transporter.
 15441 | D:9      | Noticed a white ugly thing
 15455 | D:9      | Killed a white ugly thing
 15582 | D:9      | Found a staircase to the Orcish Mines.
 15763 | D:9      | Found a transporter.
 15765 | D:9      | Found a transporter.
 15871 | D:9      | Found a staircase to the Lair.
 16154 | D:9      | Reached skill level 8 in Fire Magic
 16154 | D:9      | Reached XP level 12. HP: 96/96 MP: 14/23
 16368 | D:9      | Found a transporter.
 16376 | D:8      | Bought a pair of boots for 117 gold pieces
 16449 | D:3      | Bought 2 potions of heal wounds for 110 gold pieces
 16528 | D:9      | Found a transporter.
 16827 | D:10     | Entered Level 10 of the Dungeon
 17061 | D:10     | Noticed Psyche
 17085 | D:10     | Reached skill level 7 in Short Blades
 17085 | D:10     | Reached skill level 7 in Long Blades
 17085 | D:10     | Reached skill level 7 in Maces & Flails
 17085 | D:10     | Reached skill level 7 in Polearms
 17085 | D:10     | Reached skill level 7 in Staves
 17085 | D:10     | Reached skill level 7 in Slings
 17085 | D:10     | Reached skill level 7 in Bows
 17085 | D:10     | Reached skill level 7 in Crossbows
 17085 | D:10     | Reached skill level 7 in Throwing
 17085 | D:10     | Reached skill level 7 in Armour
 17085 | D:10     | Reached skill level 7 in Dodging
 17085 | D:10     | Reached skill level 7 in Stealth
 17085 | D:10     | Reached skill level 7 in Shields
 17085 | D:10     | Reached skill level 7 in Unarmed Combat
 17085 | D:10     | Reached skill level 7 in Evocations
 17211 | D:10     | Killed Psyche
 17254 | D:10     | Noticed Maurice
 17339 | D:10     | Killed Maurice
 18027 | D:10     | Noticed a two-headed ogre
 18067 | D:10     | Killed a two-headed ogre
 18068 | D:10     | Reached skill level 6 in Conjurations
 18068 | D:10     | Reached skill level 6 in Hexes
 18068 | D:10     | Reached skill level 6 in Summonings
 18068 | D:10     | Reached skill level 6 in Necromancy
 18068 | D:10     | Reached skill level 6 in Translocations
 18068 | D:10     | Reached skill level 6 in Transmutations
 18068 | D:10     | Reached skill level 6 in Ice Magic
 18068 | D:10     | Reached skill level 6 in Air Magic
 18068 | D:10     | Reached skill level 6 in Earth Magic
 18068 | D:10     | Reached skill level 6 in Poison Magic
 18184 | D:10     | Reached skill level 8 in Invocations
 18630 | D:10     | Noticed a boulder beetle
 18648 | D:10     | Killed a boulder beetle
 18649 | D:10     | Reached skill level 8 in Spellcasting
 18783 | D:10     | Reached skill level 10 in Fighting
 18783 | D:10     | Reached skill level 10 in Axes
 19025 | D:10     | Noticed a two-headed ogre
 19032 | D:10     | Killed a two-headed ogre
 19221 | D:11     | Noticed a four-headed hydra
 19246 | D:11     | Killed a four-headed hydra
 19337 | D:11     | Noticed Amaemon
 19362 | D:11     | Killed Amaemon
 19444 | D:11     | Noticed Harold
 19460 | D:11     | Killed Harold
 20644 | D:11     | Reached XP level 13. HP: 62/103 MP: 2/25
 21066 | D:11     | Reached skill level 8 in Short Blades
 21066 | D:11     | Reached skill level 8 in Long Blades
 21066 | D:11     | Reached skill level 8 in Maces & Flails
 21066 | D:11     | Reached skill level 8 in Polearms
 21066 | D:11     | Reached skill level 8 in Staves
 21066 | D:11     | Reached skill level 8 in Slings
 21066 | D:11     | Reached skill level 8 in Bows
 21066 | D:11     | Reached skill level 8 in Crossbows
 21066 | D:11     | Reached skill level 8 in Throwing
 21066 | D:11     | Reached skill level 8 in Armour
 21066 | D:11     | Reached skill level 8 in Dodging
 21066 | D:11     | Reached skill level 8 in Stealth
 21066 | D:11     | Reached skill level 8 in Shields
 21066 | D:11     | Reached skill level 8 in Unarmed Combat
 21066 | D:11     | Reached skill level 8 in Evocations
 21346 | D:11     | Identified the +1 helmet of Roemac {rPois Will+ rCorr
                  | Stlth+}
 21523 | Lair:1   | Entered Level 1 of the Lair of Beasts
 22592 | Lair:2   | Learned a level 4 spell: Olgreb's Toxic Radiance
 22597 | Lair:2   | Learned a level 4 spell: Dispel Undead
 23848 | Lair:3   | Reached skill level 9 in Invocations
 24831 | Lair:3   | Reached skill level 7 in Conjurations
 24831 | Lair:3   | Reached skill level 7 in Hexes
 24831 | Lair:3   | Reached skill level 7 in Summonings
 24831 | Lair:3   | Reached skill level 7 in Necromancy
 24831 | Lair:3   | Reached skill level 7 in Translocations
 24831 | Lair:3   | Reached skill level 7 in Transmutations
 24831 | Lair:3   | Reached skill level 9 in Fire Magic
 24831 | Lair:3   | Reached skill level 7 in Ice Magic
 24831 | Lair:3   | Reached skill level 7 in Air Magic
 24831 | Lair:3   | Reached skill level 7 in Earth Magic
 24831 | Lair:3   | Reached skill level 7 in Poison Magic
 24988 | Lair:4   | Found a staircase to the Snake Pit.
 25258 | Lair:4   | Reached skill level 9 in Spellcasting
 25553 | Lair:4   | Found a staircase to the Swamp.
 26204 | Lair:5   | Identified the +0 hand crossbow "Seujusi" {penet, Str-2
                  | SInv Stlth+}
 26878 | Lair:5   | Reached skill level 11 in Fighting
 26878 | Lair:5   | Reached skill level 11 in Axes
 26878 | Lair:5   | Reached XP level 14. HP: 94/113 MP: 27/27
 27660 | Lair:5   | Found a staircase to the Slime Pits.
 27678 | Lair:5   | Reached skill level 9 in Short Blades
 27678 | Lair:5   | Reached skill level 9 in Long Blades
 27678 | Lair:5   | Reached skill level 9 in Maces & Flails
 27678 | Lair:5   | Reached skill level 9 in Polearms
 27678 | Lair:5   | Reached skill level 9 in Staves
 27678 | Lair:5   | Reached skill level 9 in Slings
 27678 | Lair:5   | Reached skill level 9 in Bows
 27678 | Lair:5   | Reached skill level 9 in Crossbows
 27678 | Lair:5   | Reached skill level 9 in Throwing
 27678 | Lair:5   | Reached skill level 9 in Armour
 27678 | Lair:5   | Reached skill level 9 in Dodging
 27678 | Lair:5   | Reached skill level 9 in Stealth
 27678 | Lair:5   | Reached skill level 9 in Shields
 27678 | Lair:5   | Reached skill level 9 in Unarmed Combat
 27678 | Lair:5   | Reached skill level 9 in Evocations
 27980 | Lair:6   | Entered Level 6 of the Lair of Beasts
 28463 | Lair:6   | Reached skill level 10 in Invocations
 30369 | Lair:6   | Reached skill level 10 in Spellcasting
 30370 | Lair:6   | Reached skill level 8 in Conjurations
 30370 | Lair:6   | Reached skill level 8 in Hexes
 30370 | Lair:6   | Reached skill level 8 in Summonings
 30370 | Lair:6   | Reached skill level 8 in Necromancy
 30370 | Lair:6   | Reached skill level 8 in Translocations
 30370 | Lair:6   | Reached skill level 8 in Transmutations
 30370 | Lair:6   | Reached skill level 8 in Ice Magic
 30370 | Lair:6   | Reached skill level 8 in Air Magic
 30370 | Lair:6   | Reached skill level 8 in Earth Magic
 30370 | Lair:6   | Reached skill level 8 in Poison Magic
 30535 | Lair:6   | Found a corrupted altar of Lugonu.
 30535 | Lair:6   | Found a one-way gate to the infinite horrors of the Abyss.
 31072 | Orc:1    | Entered Level 1 of the Orcish Mines
 31072 | Orc:1    | Noticed Jorgrun
 31081 | Orc:1    | Killed Jorgrun
 31211 | Orc:1    | Noticed Sonja
 31219 | Orc:1    | Killed Sonja
 31400 | Orc:1    | Learned a level 5 spell: Manifold Assault
 31408 | Orc:1    | Learned a level 7 spell: Storm Form
 31427 | Orc:2    | Entered Level 2 of the Orcish Mines
 31624 | Orc:2    | Reached XP level 15. HP: 96/120 MP: 15/29
 31912 | Orc:2    | Noticed an orc warlord
 31923 | Orc:2    | HP: 7/120 [orc warlord/+3 great sword (18)]
 31924 | Orc:2    | HP: 2/120 [orc warrior/+0 battleaxe (6)]
 31925 | Orc:2    | Slain by an orc warlord

Vanquished Creatures
  Jorgrun (Orc:1)
  4 boulder beetles
  Harold (D:11)
  2 vault guards (Bailey)
  3 hydras (Lair:5)
  6 two-headed ogres
  3 death yaks
  Sonja (Orc:1)
  3 thrashing horrors (Lair:6)
  Amaemon (D:11)
  2 skeletal warriors (D:11)
  3 ugly things
  A wolf spider (D:10)
  3 oklob plants
  A cyclops (D:11)
  4 elephants (Lair:5)
  Maurice (D:10)
  A smoke demon (Lair:6)
  4 black mambas
  2 torpor snails
  2 large abominations (Lair:6)
  An unseen horror (D:9)
  11 cane toads
  Psyche (D:10)
  3 rime drakes
  12 komodo dragons
  2 ancient zymes (Lair:6)
  2 trolls
  A meliai (shapeshifter) (Lair:6)
  A hornet (D:10)
  3 polar bears
  3 dream sheep (D:10)
  Prince Ribbit (Bailey)
  18 blink frogs
  A vampire (D:11)
  A spriggan (Lair:6)
  5 shadows (D:10)
  3 ynoxinuls (Lair:6)
  2 wraiths (D:10)
  2 wyverns
  2 water elementals (D:11)
  35 yaks
  8 basilisks
  A human (shapeshifter) (Lair:6)
  5 humans (Bailey)
  3 steam dragons
  A chaos spawn (Lair:6)
  3 wargs
  Edmund (D:5)
  4 nagas (Lair:4)
  8 small abominations (Lair:6)
  An acid dragon (D:10)
  Duvessa (D:5)
  20 water moccasins
  11 orc warriors
  2 black bears
  2 sky beasts
  An ice beast (D:6)
  15 ogres
  11 wolves
  4 centaurs
  3 phantoms
  Blork the orc (D:5)
  21 bullfrogs
  6 kobold brigands
  4 gnoll sergeants
  2 necrophages
  3 scorpions
  A scorpion (shapeshifter) (Lair:6)
  8 wights
  Dowan (D:5)
  3 killer bees (D:10)
  18 howler monkeys
  16 electric eels
  5 jellies (D:7)
  2 gnoll shamans
  15 orc priests
  3 hounds (D:6)
  6 iguanas
  Ijyb (D:5)
  16 orc wizards
  35 gnolls
  6 adders
  A shadow imp (D:7)
  2 white imps
  2 ufetubi
  3 worms
  61 orcs
  4 bats
  17 endoplasms
  3 giant cockroaches
  11 goblins
  6 hobgoblins
  6 jackals
  18 kobolds
  3 quokkas
  5 ball pythons
  3 frilled lizards
  4 rats
586 creatures vanquished.

Vanquished Creatures (others)
  A hydra (D:11)
  A skeletal warrior (D:11)
  An orange demon (D:11)
  A kobold demonologist (D:11)
  A troll (D:10)
  A blink frog (Lair:6)
  11 foxfires (D:3)
  54 fungi
  113 plants
184 creatures vanquished.

Grand Total: 770 creatures vanquished
